 Dungeon Crawl Stone Soup version 0.29-a0-284-gf9362112df (console) character file.

Game seed: 1189710891880067666

137571 caelia the Severer (level 16, -4/134 HPs)
             Began as a Demigod Wanderer on Mar 15, 2022.
             Engulfed by a death drake's foul pestilence (13 damage)
             ... on level 3 of the Swamp.
             The game lasted 01:11:53 (36500 turns).

caelia the Severer (Demigod Wanderer)              Turns: 36500, Time: 01:11:53

Health: -4/134     AC: 30    Str: 27    XL:     16   Next: 19%
Magic:  0/19       EV: 16    Int: 19    God:
Gold:   2380       SH: 15    Dex: 29    Spells: 15/15 levels left

rFire   + . .      SeeInvis .   g - +8 broad axe of Anxiety {freeze, Str+4}
rCold   + . .      Faith    .   r - +0 kite shield
rNeg    . . .      Spirit   +   o - +2 plate armour {Will+}
rPois   .          Reflect  .   U - +3 helmet of Bedyt {rCorr Str+2 Dex+3}
rElec   +          Harm     .   a - +2 cloak
rCorr   +          Rampage  +   R - +2 pair of gloves {Stlth+}
Will    ++...                   A - +0 pair of boots "Erytsyud" {Rampage +Blink rElec Int+6}
Stlth   ..........              F - amulet of guardian spirit
HPRegen 0.32/turn               W - ring of protection from cold
MPRegen 0.16/turn               t - ring of protection from fire

@: lethally poisoned (-4 -> -26), slowed, very slow
A: high MP 1, forlorn, divine attributes
a: Evoke Blink


You were on level 3 of the Swamp.
You visited 4 branches of the dungeon, and saw 26 of its levels.
You also visited: Gauntlet.

You collected 2782 gold pieces.
You spent 402 gold pieces at shops.

Inventory:

Hand Weapons
 g - the +8 broad axe of Anxiety (weapon) {freeze, Str+4}
   (You acquired it on level 9 of the Dungeon)

   It freezes those it strikes, dealing additional cold damage.
   It can also slow down cold-blooded creatures.
   Str:       It affects your strength (+4).
 y - a +7 broad axe
 z - a +0 scimitar of flaming
 L - a +2 antimagic broad axe
Missiles
 c - a curare-tipped dart (quivered)
Armour
 a - a +2 cloak (worn)
 o - a +2 plate armour of willpower (worn)
 r - a +0 kite shield (worn)
 A - the +0 pair of boots "Erytsyud" (worn) {Rampage +Blink rElec Int+6}
   (You bought it in a shop on level 2 of the Orcish Mines)

   Int:       It affects your intelligence (+6).
   rElec:     It insulates you from electricity.
   +Blink:    It lets you blink.
   Rampage:   It bestows one free step when moving towards enemies.
 R - a +2 pair of gloves of stealth (worn)
 U - the +3 helmet of Bedyt (worn) {rCorr Str+2 Dex+3}
   (You found it in a Gauntlet)

   Str:       It affects your strength (+2).
   Dex:       It affects your dexterity (+3).
   rCorr:     It protects you from acid and corrosion.
 V - the +0 tower shield of Cuif {+Blink +Inv rF+ Str+3}
   (You found it on level 6 of the Lair of Beasts)

   Str:       It affects your strength (+3).
   rF:        It protects you from fire.
   +Inv:      It lets you turn invisible.
   +Blink:    It lets you blink.
Jewellery
 t - a ring of protection from fire (right hand)
 F - an amulet of guardian spirit (around neck)
 G - a ring of see invisible
 H - the ring "Tuememn" {Ice SInv}
   (You found it on level 7 of the Dungeon)

   [ring of ice]

   It enhances your ice magic.
   rF:        It makes you vulnerable to fire.
   rC:        It protects you from cold.
   SInv:      It lets you see invisible.
 J - a ring of fire
 W - a ring of protection from cold (left hand)
Wands
 e - a wand of digging (29)
 w - a wand of acid (20)
 B - a wand of charming (4)
 D - a wand of iceblast (15)
 Q - a wand of paralysis (31)
 S - a wand of mindburst (6)
Scrolls
 b - 2 scrolls of blinking
 f - 6 scrolls of amnesia
 n - 3 scrolls of fog
 q - 16 scrolls of teleportation
 u - 4 scrolls of enchant armour
 v - 5 scrolls of vulnerability
 C - 3 scrolls of immolation
 M - 2 scrolls of magic mapping
 N - a scroll of silence
 O - 2 scrolls of torment
 X - 6 scrolls of identify
 Z - 2 scrolls of fear
Potions
 d - 7 potions of lignification
 h - 8 potions of mutation
 i - a potion of cancellation
 j - 2 potions of ambrosia
 k - 4 potions of attraction
 l - a potion of magic
 m - a potion of might
 p - 6 potions of brilliance
 x - 10 potions of curing
 E - 2 potions of berserk rage
 I - 5 potions of flight
 K - 3 potions of haste
 T - 4 potions of heal wounds
Miscellaneous
 s - a lightning rod (4/4)
 P - a condenser vane
 Y - a tin of tremorstones (2/2)


   Skills:
 + Level 9.8 Fighting
 - Level 18.0 Axes
 - Level 1.0 Staves
 - Level 2.0 Throwing
 + Level 11.2 Armour
 - Level 11.0 Dodging
 - Level 11.0 Shields
 - Level 8.0 Evocations


You had 15 spell levels left.
You didn't know any spells.
Your spell library contained the following spells:

 Spells                   Type           Power      Damage    Failure   Level
 Animate Skeleton         Necr           0%         N/A       98%         1
 Pain                     Necr           0%         1d4       98%         1
 Slow                     Hex            0%         N/A       98%         1
 Sting                    Tmut/Pois      0%         1d3       98%         1
 Poisonous Vapours        Pois/Air       0%         N/A       99%         2
 Call Canine Familiar     Summ           0%         N/A       100%        3
 Confusing Touch          Hex            0%         N/A       100%        3
 Portal Projectile        Hex/Tloc       0%         N/A       100%        3
 Vampiric Draining        Necr           0%         2d6       100%        3
 Animate Dead             Necr           0%         N/A       100%        4
 Leda's Liquefaction      Hex/Erth       0%         N/A       100%        4
 Olgreb's Toxic Radiance  Pois           0%         N/A       100%        4
 Blade Hands              Tmut           0%         N/A       100%        5
 Fireball                 Conj/Fire      0%         3d3       100%        5
 Freezing Cloud           Conj/Ice/Air   0%         6-21      100%        5
 Irradiate                Conj/Tmut      0%         3d13      100%        5
 Iskenderun's Battlesphe  Conj           0%         2d6       100%        5
 Conjure Ball Lightning   Conj/Air       0%         3x3d6     100%        6
 Simulacrum               Ice/Necr       0%         N/A       100%        6
 Dragon Form              Tmut           0%         N/A       100%        7
 Haunt                    Necr/Summ      0%         N/A       100%        7
 Orb of Destruction       Conj           0%         9d5       100%        7
 Infestation              Necr           0%         N/A       100%        8
 Polar Vortex             Ice            0%         N/A       100%        9


Dungeon Overview and Level Annotations

Branches:
Dungeon (15/15)            Temple (0/1) D:4            Lair (6/6) D:10
  Swamp (3/4) Lair:3       Spider (0/4) Lair:4        Slime (0/5) Lair:6
    Orc (2/2) D:12            Elf (0/3) Orc:2        Vaults (0/5) D:14
 Depths (0/4) D:15        Gauntlet (visited)

Shops:
D:1 [   D:7 **   Orc:2 [(([=

Portals:
Abyss: Lair:6
Trove: D:12 (give 12 potions of heal wounds)

Annotations:
Swamp:1 Roxanne


Innate Abilities, Weirdness & Mutations

You have an increased reservoir of magic. (+10% MP)
You shall have no god before yourself.
Your divine heritage dramatically boosts your attributes as you level up.


Message History

The death drake is severely wounded.
You are engulfed in dark miasma.
You are more poisoned.
* * * LOW HITPOINT WARNING * * *
You feel extremely sick.
The death drake bites you but does no damage.
You feel better.
You are engulfed in dark miasma.
You are poisoned.
* * * LOW HITPOINT WARNING * * *
x2 You feel extremely sick.
The death drake breathes miasma at you. The foul vapour engulfs you!
You are more poisoned.
You feel as though you will be slow longer.
* * * LOW HITPOINT WARNING * * *
The death drake misses you.
Okay, then.
Unknown command.
You feel better. You block the death drake's attack. x2
You feel much better. The death drake breathes miasma at you.
The foul vapour misses you. You block the death drake's attack.
You slash the death drake! You freeze the death drake.
The death drake is almost dead.
You are engulfed in dark miasma.
You are poisoned.
* * * LOW HITPOINT WARNING * * *
x2 You feel very sick.
The death drake closely misses you. The death drake barely misses you.
You hit the death drake. You freeze the death drake.
The death drake is almost dead.
You are engulfed in dark miasma.
You are lethally poisoned!
You feel as though you will be slow longer.
* * * LOW HITPOINT WARNING * * *
x2 You feel extremely sick.
You block the death drake's attack.
You feel better.
You are engulfed in dark miasma.
You are lethally poisoned!
You die...

♣§.....≈♣≈.♣♣.≈≈≈...♣
.≈♣...≈....♣.≈≈≈♣≈≈♣ ♣
.§.........≈≈≈≈≈≈.♣ ♣
..≈♣♣.♣♣[.≈≈≈...♣♣♣♣♣♣♣♣♣
♣.♣♣♣♣♣♣..≈≈≈..♣♣.≈≈≈≈♣♣≈
♣...≈...k≈≈≈k....§≈≈≈.♣≈
♣♣≈≈§...♣..≈≈..≈.≈≈≈≈.♣.
♣≈≈♣♣k♣♣♣.≈≈≈...≈≈≈≈.♣♣
♣..♣♣.@≈≈..≈≈..≈≈≈≈..♣≈
♣..)<....(≈≈≈≈..≈≈≈§...
♣.≈)≈.≈≈..≈≈≈≈..≈≈≈.≈..
♣.≈≈§...≈≈≈.≈≈♣.≈≈≈≈§≈.
♣.≈≈≈♣...≈≈..♣♣♣.≈≈≈≈≈.
♣≈...♣♣♣≈≈≈.§♣♣...≈≈≈≈.
♣♣♣.♣♣♣..≈≈..≈≈≈.≈≈§≈≈.
♣♣♣♣§.≈≈≈≈≈§≈≈.≈≈≈§..
♣♣≈.≈§..≈≈...≈≈≈≈≈


You could see a death drake.

Vanquished Creatures
  Jorgrun (Orc:1)
  Kirke (Swamp:2)
  Frances (D:13)
  A thorn hunter (Swamp:2)
  An orc warlord (Orc:1)
  4 eleionomae
  A bunyip (Swamp:2)
  Nessos (D:12)
  Snorg (D:14)
  A minotaur (Gauntlet)
  The ghost of Diceewot the Grappler, a journeyman TrGl of Ru (Lair:1)
  2 fire dragons (D:15)
  2 boulder beetles
  7 hydras
  Fannar (Lair:1)
  A catoblepas (Lair:3)
  3 ghost crabs
  The ghost of sammy202020 the Fighter, a novice MiFi of Trog (D:12)
  2 ogre magi
  12 two-headed ogres
  4 centaur warriors
  The ghost of chopper the Protected, a novice MiFi of Cheibriados (Lair:1)
  10 alligators
  The ghost of Ruacs the Fighter, a novice DjFE of Nemelex Xobeh (Lair:1)
  2 death knights (D:13)
  9 death yaks
  A tengu warrior (D:14)
  3 thrashing horrors (Lair:6)
  A spriggan berserker (Swamp:3)
  Urug (Lair:4)
  Amaemon (Lair:4)
  5 goliath frogs
  3 spriggan druids (Swamp:2)
  A sea snake (shapeshifter) (Lair:6)
  5 swamp dragons
  2 bog bodies
  A lindwurm (shapeshifter) (Lair:6)
  2 wizards
  A phantasmal warrior (D:13)
  13 orc knights
  A necromancer (Gauntlet)
  2 will-o-the-wisps
  A deep elf pyromancer (D:14)
  2 oklob plants
  2 orc sorcerers
  A wolf spider (Lair:4)
  2 manticores
  A moth of wrath (shapeshifter) (Lair:6)
  11 ugly things
  2 large abominations (Lair:6)
  15 elephants
  5 cyclopes
  9 cane toads
  An orange demon (Lair:4)
  3 torpor snails (Lair:4)
  2 black mambas
  A smoke demon (Lair:6)
  A gargoyle (D:12)
  A rime drake (Lair:6)
  Maggie (D:6)
  3 komodo dragons
  3 kobold demonologists (D:10)
  An ancient zyme (Lair:6)
  A freezing wraith (D:13)
  2 tengu conjurers
  An efreet (D:15)
  2 bloated husks (Swamp:1)
  6 trolls
  3 meliai (D:13)
  5 polar bears
  2 tyrant leeches
  2 hornets
  13 slime creatures
  A centaur simulacrum (D:15)
  16 small abominations
  30 blink frogs
  Sigmund (D:6)
  A jumping spider (shapeshifter) (D:13)
  4 wyverns
  A ynoxinul (Lair:6)
  5 spriggans
  5 hogs (Swamp:1)
  5 wraiths
  A chaos spawn (Lair:6)
  16 humans
  Grum (D:11)
  A steam dragon (Lair:2)
  56 yaks
  A redback (shapeshifter) (Lair:6)
  7 wargs
  7 basilisks
  Menkaure (D:6)
  7 vampire mosquitoes
  Edmund (D:5)
  13 swamp worms
  Duvessa (D:6)
  3 acid dragons
  11 water moccasins
  3 black bears
  44 orc warriors
  3 swamp drakes (Swamp:3)
  A sky beast (D:7)
  An ice beast (D:4)
  33 wolves
  8 ogres
  11 centaurs
  A phantom (D:6)
  12 bullfrogs
  2 kobold brigands
  3 gnoll sergeants
  A necrophage (D:6)
  5 scorpions
  10 wights (D:9)
  Dowan (D:6)
  5 killer bees (D:8)
  3 howler monkeys
  3 electric eels (D:10)
  3 jellies
  9 hounds
  Crazy Yiuf (D:2)
  16 orc priests
  6 iguanas
  An iguana (shapeshifter) (Lair:6)
  Ijyb (D:5)
  10 orc wizards
  A mummy (D:10)
  Robin (D:2)
  14 gnolls
  6 adders
  4 white imps
  3 ufetubi
  3 adder skeletons (D:2)
  2 adder zombies (D:2)
  4 worms
  7 dart slugs
  114 orcs
  A bat skeleton (D:2)
  A bat zombie (D:2)
  7 endoplasms
  A giant cockroach (D:4)
  10 hobgoblins
  4 jackals (D:1)
  4 quokkas
  9 ball pythons
  2 ball python zombies (D:2)
  9 bats
  6 frilled lizards
  13 goblins
  19 kobolds
  A quokka skeleton (D:2)
  3 rats
862 creatures vanquished.

Vanquished Creatures (others)
  A bunyip (Swamp:1)
  An alligator (Swamp:1)
  2 bloated husks
  A human (D:7)
  A quokka (D:10)
  4 briar patches (Swamp:2)
  13 foxfires
  53 fungi
  40 plants
  A withered plant (D:2)
117 creatures vanquished.

Grand Total: 979 creatures vanquished

Notes
Turn   | Place    | Note
-------+----------+-------------------------------------------
     0 | D:1      | caelia the Demigod Wanderer began the quest for the Orb.
     0 | D:1      | caelia set off with the following items: a +2 hand axe, a
                  | +0 quarterstaff, a +0 pair of gloves, a potion of
                  | lignification, a +0 robe
     0 | D:1      | Reached XP level 1. HP: 18/18 MP: 3/3
   246 | D:1      | Reached XP level 2. HP: 17/26 MP: 4/4
   832 | D:1      | Reached skill level 4 in Axes
   835 | D:1      | Reached XP level 3. HP: 26/31 MP: 5/5
   986 | D:1      | Found Bicai's Antique Armour Emporium.
  1759 | D:2      | Found a runed translucent door.
  1760 | D:2      | Noticed Crazy Yiuf
  1854 | D:2      | Noticed Robin
  1901 | D:1      | Reached XP level 4. HP: 21/40 MP: 6/6
  2280 | D:2      | Killed Robin
  3304 | D:3      | Reached XP level 5. HP: 30/47 MP: 7/7
  3424 | D:4      | Reached skill level 9 in Axes
  3424 | D:4      | Reached XP level 6. HP: 63/63 MP: 8/8
  3516 | D:4      | Found a staircase to the Ecumenical Temple.
  3800 | D:4      | Reached XP level 7. HP: 55/70 MP: 9/9
  4545 | D:1      | Bought a shiny chain mail for 127 gold pieces
  4679 | D:5      | Entered Level 5 of the Dungeon
  4938 | D:5      | Noticed Ijyb
  4970 | D:5      | Killed Ijyb
  5165 | D:5      | Reached skill level 1 in Throwing
  5165 | D:5      | Reached skill level 1 in Armour
  5324 | D:5      | Noticed Edmund
  5361 | D:5      | Killed Edmund
  5362 | D:5      | Reached skill level 10 in Axes
  5781 | D:5      | Reached XP level 8. HP: 70/78 MP: 10/10
  6082 | D:6      | Noticed Sigmund
  6182 | D:6      | Noticed Menkaure
  6455 | D:6      | Noticed Duvessa
  6490 | D:6      | Noticed Dowan
  6494 | D:6      | Killed Duvessa
  6629 | D:6      | Killed Dowan
  6801 | D:6      | Killed Menkaure
  7078 | D:6      | Killed Sigmund
  7653 | D:6      | Noticed Maggie
  7670 | D:6      | Killed Maggie
  7671 | D:6      | Reached skill level 1 in Evocations
  7671 | D:6      | Reached XP level 9. HP: 47/83 MP: 11/11
  8229 | D:7      | Found Qoz Vizykhla's Serpentskin Sales.
  8447 | D:7      | Found Guqischioh's General Store.
  8584 | D:7      | Identified the ring "Tuememn" {Ice SInv}
  9648 | D:8      | Reached skill level 11 in Axes
  9912 | D:9      | Reached skill level 5 in Armour
 10224 | D:9      | Reached XP level 10. HP: 47/91 MP: 8/13
 11480 | D:9      | Noticed a manticore
 11484 | D:9      | Killed a manticore
 11804 | D:9      | Identified a scroll of acquirement
 11804 | D:9      | Acquired the +8 broad axe of Anxiety {freeze, Str+4}
 12133 | D:2      | Killed Crazy Yiuf
 12362 | D:10     | Entered Level 10 of the Dungeon
 12785 | D:10     | Found a staircase to the Lair.
 12923 | D:10     | Noticed a rust devil
 12966 | D:10     | Reached skill level 5 in Evocations
 12968 | D:10     | Noticed a smoke demon
 13470 | Lair:1   | Entered Level 1 of the Lair of Beasts
 13622 | Lair:1   | Reached skill level 1 in Shields
 13737 | Lair:1   | Reached XP level 11. HP: 73/97 MP: 11/14
 13738 | Lair:1   | Reached skill level 12 in Axes
 14191 | Lair:1   | Found a runed translucent gate.
 14196 | Lair:1   | Found a runed translucent gate.
 14197 | Lair:1   | Found a runed translucent gate.
 14199 | Lair:1   | Noticed chopper's ghost (novice MiFi)
 14199 | Lair:1   | Noticed Diceewot's ghost (journeyman TrGl)
 14200 | Lair:1   | Noticed Ruacs's ghost (novice DjFE)
 14364 | Lair:2   | Noticed Fannar
 14501 | Lair:1   | Killed Fannar
 14991 | Lair:2   | Noticed a death yak
 14991 | Lair:2   | Noticed a death yak
 14991 | Lair:2   | Noticed a death yak
 15028 | Lair:1   | Killed a death yak
 15043 | Lair:1   | Killed a death yak
 15157 | Lair:2   | Killed a death yak
 15527 | Lair:3   | Found a staircase to the Swamp.
 15732 | Lair:3   | Noticed a seven-headed hydra
 15784 | Lair:3   | Noticed a catoblepas
 15805 | Lair:3   | Killed a catoblepas
 15806 | Lair:3   | Reached skill level 5 in Shields
 15986 | Lair:3   | Reached XP level 12. HP: 104/104 MP: 15/15
 15993 | Lair:3   | Reached skill level 13 in Axes
 16095 | Lair:3   | Killed a seven-headed hydra
 16694 | Lair:4   | Found a hole to the Spider Nest.
 17196 | Lair:4   | Noticed Urug
 17213 | Lair:4   | Killed Urug
 17481 | Lair:4   | Noticed Amaemon
 17519 | Lair:4   | Killed Amaemon
 18708 | Lair:5   | Reached skill level 10 in Armour
 19297 | Lair:6   | Entered Level 6 of the Lair of Beasts
 19317 | Lair:6   | Noticed a four-headed hydra
 19529 | Lair:6   | Reached XP level 13. HP: 98/111 MP: 13/16
 19530 | Lair:6   | Reached skill level 14 in Axes
 20640 | Lair:6   | Found a staircase to the Slime Pits.
 21742 | Lair:6   | Found a one-way gate to the infinite horrors of the Abyss.
 21742 | Lair:6   | Identified the +0 tower shield of Cuif {+Blink +Inv rF+
                  | Str+3}
 22416 | D:11     | Identified the +7 shortbow of Disorder {speed, +Blink rN+
                  | Int+4}
 22539 | D:11     | Noticed Grum
 22561 | D:11     | Killed Grum
 23001 | D:12     | Noticed Nessos
 23001 | D:12     | Paralysed by Nessos for 6 turns
 23012 | D:12     | Killed Nessos
 23265 | D:12     | Reached skill level 15 in Axes
 23271 | D:12     | Reached XP level 14. HP: 115/118 MP: 15/17
 23296 | D:12     | Found a staircase to the Orcish Mines.
 23340 | D:12     | Found a runed translucent gate.
 23340 | D:12     | Noticed sammy202020's ghost (novice MiFi)
 23341 | D:12     | Found a runed translucent gate.
 23342 | D:12     | Found a runed translucent gate.
 23343 | D:12     | Identified the +2 plate armour of the Lost Souls {Drain
                  | +Inv Str+3 Int+5}
 23851 | D:12     | Found a portal to a secret trove of treasure.
 23969 | D:12     | Killed sammy202020's ghost
 24213 | D:12     | Identified the +1 leather armour of Giysanink {rPois
                  | Will+++ rCorr Dex-3}
 24289 | Orc:1    | Entered Level 1 of the Orcish Mines
 24544 | Orc:1    | Reached skill level 5 in Dodging
 24546 | Orc:1    | Noticed Jorgrun
 24559 | Orc:1    | Killed Jorgrun
 24560 | Orc:1    | Reached skill level 10 in Shields
 24757 | Orc:2    | Entered Level 2 of the Orcish Mines
 24867 | Orc:2    | Found Goden's Weapon Shop.
 24872 | Orc:2    | Found a staircase to the Elven Halls.
 25083 | Orc:2    | HP: 3/118 [orc knight/bolt (15)]
 25794 | Orc:2    | Noticed an orc warlord
 25940 | Orc:1    | Killed an orc warlord
 26905 | Orc:2    | Found Rijetypn's Jewellery Shoppe.
 26905 | Orc:2    | Found Dunkupn's Armour Shop.
 26978 | Orc:2    | Found Akoif's Weapon Shoppe.
 26978 | Orc:2    | Found Boom's Antique Armour Shop.
 26994 | Orc:2    | Bought a pair of scorched boots for 275 gold pieces
 26994 | Orc:2    | Identified the +0 pair of boots "Erytsyud" {Rampage +Blink
                  | rElec Int+6} (You bought it in a shop on level 2 of the
                  | Orcish Mines)
 27311 | Lair:1   | Killed chopper's ghost
 27315 | Lair:1   | Killed Ruacs's ghost
 27331 | Lair:1   | Killed Diceewot's ghost
 28473 | D:13     | Noticed Frances
 28487 | D:13     | Killed Frances
 28488 | D:13     | Reached skill level 16 in Axes
 29947 | D:14     | Reached XP level 15. HP: 111/124 MP: 15/18
 30397 | D:14     | Found a gate to the Vaults.
 30397 | D:14     | Noticed Snorg
 30410 | D:14     | Killed Snorg
 31005 | D:15     | Entered Level 15 of the Dungeon
 31115 | D:15     | Found a gate leading to a gauntlet.
 31126 | Gauntlet | Entered a Gauntlet
 31126 | Gauntlet | Found a transporter.
 31126 | Gauntlet | Found a transporter.
 31137 | Gauntlet | Found a transporter.
 31139 | Gauntlet | Found a transporter.
 31147 | Gauntlet | Found a transporter.
 31150 | Gauntlet | Found a transporter.
 31158 | Gauntlet | Found a transporter.
 31176 | Gauntlet | Found a transporter.
 31193 | Gauntlet | Found a transporter.
 31196 | Gauntlet | Found a transporter.
 31209 | Gauntlet | Found a transporter.
 31212 | Gauntlet | Found a transporter.
 31558 | Gauntlet | Identified the +3 helmet of Bedyt {rCorr Str+2 Dex+3}
 31589 | Gauntlet | Reached skill level 17 in Axes
 31671 | Gauntlet | Identified the +5 spear of the Unspeakable One {drain,
                  | Will+ Dex+3}
 32191 | D:15     | Found a staircase to the Depths.
 32540 | Swamp:1  | Entered Level 1 of the Swamp
 33176 | Swamp:1  | Identified Roxanne's Volume of Changing
 33176 | Swamp:1  | Noticed Roxanne
 33491 | Swamp:2  | Noticed Kirke
 33587 | Swamp:2  | Killed Kirke
 33991 | Swamp:2  | Noticed a thorn hunter
 34013 | Swamp:2  | Killed a thorn hunter
 34014 | Swamp:2  | Reached skill level 10 in Dodging
 34126 | Swamp:2  | Identified the +3 rapier "Ufick" {freeze, rC+ Int+4}
 34623 | Swamp:2  | Reached skill level 18 in Axes
 34627 | Swamp:2  | Reached XP level 16. HP: 58/132 MP: 11/19
 36495 | Swamp:3  | HP: 5/134 [death drake/foul vapour (10)]
 36500 | Swamp:3  | Engulfed by a death drake's foul pestilence

Illustrated notes

Levels and vault maps discovered:
D:1:      doesnt_arrival_eight_statues, layout_loops_cross, serial_shops,
          nicolae_shop_behind_doors, shapermc_ecumenical_altar_mp_highgroup,
          kennysheep_small_spiral
D:2:      layout_rooms, serial_undead, serial_undead_f, serial_undead_c,
          serial_undead_f, serial_undead_d, serial_undead_d, serial_undead_c,
          kennysheep_nub, corner_web_ring, uniq_crazy_yiuf_cottage, uniq_robin
D:3:      layout_rooms, fedhas_altar_3, moated_statue
D:4:      layout_layer_cave, mainiacjoe_overflow_large_starburst,
          minmay_temple_entry_trees
D:5:      layout_cave_pods, okawaru_metal_pillars_1_2, uniq_edmund, uniq_ijyb
D:6:      layout_loops_ring, serial_bayou_pond_e, uniq_maggie, uniq_sigmund,
          uniq_menkaure, uniq_duvessa
D:7:      layout_cave_pools, tgw_kikubaaqudgha, serial_shops, shop_statue,
          guppyfry_shop_venom
D:8:      layout_basic, mainiacjoe_overflow_surrounded_room
D:9:      layout_basic, overflow_temple_1_default,
          nicolae_qazlal_general_emergency, marbit_many_paths
D:10:     layout_loops_ring, kennysheep_little_box,
          mainiacjoe_overflow_tiny_flanked, slow_altar_2, elyvilon_altar_4,
          erik_lair_island, minmay_misc_feat_tower, evilmike_minifort
D:11:     layout_basic, uniq_grum
D:12:     layout_cave_pools, hiddenorc1_lemuel, enter_trove_6,
          biasface_ghost_orc_armoury, uniq_nessos
D:13:     layout_basic, uniq_frances
D:14:     layout_basic, david_vaults_3, serial_bayou_pond_d, minmay_orc_keep,
          uniq_snorg
D:15:     grunt_enter_depths_hoard, layout_cave_pools, gauntlet_entry_generic,
          glass_columns_c
Lair:1:   layout_roguey, gammafunk_ghost_cemetery, lemuel_fruit_fields,
          grunt_megastairs_2
Lair:2:   layout_chaotic_city, basic_altar, chequers_serial_rivers_micro_d,
          grunt_megastairs_1, uniq_fannar
Lair:3:   layout_regular_city, swamp_mist_pool
Lair:4:   layout_regular_city, spider_nest_entry_rubble,
          kennysheep_snail_temple, uniq_amaemon, uniq_urug
Lair:5:   dpeg_oklob_shooting_range, layout_loops_ring
Lair:6:   hellmonk_lair_end_abyssal_woods, layout_cave_pods, slime_altar_1,
          basic_altar, serial_bayou_shore_b
Swamp:1:  layout_basic_swamp, evilmike_swamp_ruin_rubble_2, swamp_pool3,
          nicolae_swamp_round_clearing, uniq_roxanne
Swamp:2:  layout_basic_swamp, evilmike_swamp_ruin_house_4,
          infiniplex_staircase_pool_2, uniq_kirke
Swamp:3:  layout_basic_swamp, basic_altar, swamp_pool5
Orc:1:    nicolae_orc_accident_1, layout_diamond_mine, nicolae_orc_damp_corner,
          uniq_jorgrun
Orc:2:    st_orc_town, layout_diamond_mine, serial_shops, shop, abandoned_shop

Skill      XL: |  1  2  3  4  5  6  7  8  9 10 11 12 13 14 15 16 |
---------------+-------------------------------------------------+-----
Fighting       | 3 4 9 |  9.8
Axes           | 4 9 10 11 12 13 15 16 18 | 18.0
Throwing       | 2 |  2.0
Armour         | 1 3 5 6 8 10 11 | 11.2
Evocations     | 1 3 5 6 8 |  8.0
Shields        | 1 5 7 9 11 | 11.0
Dodging        | 4 6 10 11 | 11.0
Staves         | |  1.0

Action                   |  1- 3 |  4- 6 |  7- 9 | 10-12 | 13-15 | 16-18 || total
-------------------------+-------+-------+-------+-------+-------+-------++-------
Melee: Hand axe          |   166 |   112 |   239 |   112 |       |       ||   629
       Punch             |     1 |     1 |     9 |     4 |       |       ||    15
       Short sword       |       |     9 |    19 |       |       |       ||    28
       War axe           |       |       |   224 |       |       |       ||   224
       Broad axe         |       |       |       |   431 |  1295 |    91 ||  1817
       Scimitar          |       |       |       |       |    20 |     6 ||    26
Throw: Dart              |       |       |    13 |     5 |     9 |       ||    27
Evoke: Wand              |       |       |     2 |    14 |    21 |       ||    37
       Condenser vane    |       |       |       |     2 |     5 |       ||     7
       Lightning rod     |       |       |       |       |    13 |       ||    13
       Tin of tremorston |       |       |       |       |     1 |       ||     1
  Use: Scroll            |       |     5 |     5 |    17 |    10 |       ||    37
       Potion            |       |     1 |       |       |       |     5 ||     6
 Stab: Sleeping          |     2 |     2 |       |       |       |       ||     4
       Petrified         |       |       |       |     5 |       |       ||     5
       Paralysed         |       |       |       |       |    11 |       ||    11
       Confused          |       |       |       |       |     3 |       ||     3
       Distracted        |       |       |       |       |       |     1 ||     1
Armor: Robe              |    48 |    35 |     1 |       |       |       ||    84
       Chain mail        |       |       |   263 |   319 |   256 |       ||   838
       Plate armour      |       |       |       |       |   336 |    63 ||   399
Dodge: Dodged            |   119 |    64 |   170 |   172 |   359 |    57 ||   941
Block: Kite shield       |       |       |       |   190 |   792 |    94 ||  1076

Table legend: (Time is in decaauts)
 A = Elapsed time spent in this place.
 B = Non-inter-level travel time spent in this place.
 C = Inter-level travel time spent in this place.
 D = Time resting spent in this place.
 E = Time spent auto-exploring this place.
 F = Levels seen in this place.
 G = Mean time per level.
                   A        B        C        D        E       F      G
               +--------+--------+--------+--------+--------+-----+--------+
         Total |  36633 |  33510 |   3123 |  11932 |  14624 |  27 | 1356.8 |
       Dungeon |  20322 |  18332 |   1990 |   6377 |   8355 |  15 | 1354.8 |
          Lair |   9070 |   8243 |    827 |   2525 |   4055 |   6 | 1511.7 |
         Swamp |   3746 |   3601 |    145 |   2009 |    887 |   3 | 1248.7 |
  Orcish Mines |   2885 |   2726 |    159 |    816 |   1139 |   2 | 1442.5 |
      Gauntlet |    608 |    608 |      0 |    203 |    187 |   1 |  608.0 |
               +--------+--------+--------+--------+--------+-----+--------+

Top non-repeatable levels by time:
  Lair:6: 2659 daAuts
 Swamp:2: 1980 daAuts
     D:1: 1912 daAuts
    D:13: 1845 daAuts
     D:9: 1789 daAuts
     D:6: 1785 daAuts
    D:12: 1666 daAuts
     D:5: 1600 daAuts
  Lair:4: 1597 daAuts
     D:8: 1559 daAuts
  Lair:1: 1521 daAuts
   Orc:1: 1464 daAuts
    D:10: 1438 daAuts
   Orc:2: 1420 daAuts
    D:14: 1185 daAuts
